Map: Jagannatha LE

Players

Bistork

  • Race: Protoss Protoss

黑羽快斗 (ButAlways) - Winner!

  • Race: Protoss Protoss
  • League: Master

Event: DreamHack SC2 Masters 2021 Summer

VOD

Have the link to the VOD?

Description

Time

  • Played on: May 19, 2021, 8:54 a.m.
  • Length: 11:30

All games in this series

Show
View Real Time Build Order
Export as new Build Order

Bistork Protoss 

Build Orders:  

Get SALT Encoding   

  12  0:00  Probe  
  13  0:12  Probe  
  14  0:17  Pylon  
  14  0:24  Probe (Chrono Boost)  
  16  0:37  Probe (Chrono Boost)  
  16  0:38  Gateway  
  16  0:42  Probe (Chrono Boost)  
  16  0:46  Assimilator  
  17  0:51  Probe  
  17  0:54  Assimilator  
  18  1:03  Probe (Chrono Boost)  
  19  1:08  Gateway  
  19  1:15  Probe (Chrono Boost)  
  20  1:23  Probe (Chrono Boost)  
  21  1:26  Cybernetics Core  
  21  1:30  Probe  
  22  1:37  Pylon  
  22  1:44  Probe  
  23  1:56  Probe  
  24  2:02  Warp Gate (Chrono Boost)  
  24  2:03  Stalker x2  
  28  2:14  Pylon  
  28  2:33  Stalker x2  
  32  2:42  Gateway  
  31  3:08  Shield Battery  
  27  3:27  Pylon  
  27  3:28  Probe  
  28  3:47  Stalker x3  
  33  4:13  Stalker x3  
  33  4:14  Probe  
  37  4:20  Twilight Council  
  37  4:38  Probe, Nexus  
  38  4:43  Stalker  
  40  4:52  Sentry  
  40  4:54  Adept  
  40  4:56  Probe  
  45  5:01  Blink (Chrono Boost)  
  45  5:19  Robotics Facility  
  44  5:23  Stalker  
  44  5:31  Probe (Chrono Boost)  
  44  5:37  Sentry  
  44  5:39  Pylon  
  44  5:42  Probe (Chrono Boost)  
  43  6:00  Stalker x2  
  43  6:03  Stalker  
  49  6:10  Shield Battery  
  47  6:13  Observer  
  47  6:14  Probe  
  45  6:31  Stalker x2  
  49  6:34  Stalker  
  49  6:37  Probe  
  52  6:40  Observer  
  52  6:44  Probe  
  54  6:53  Probe  
  51  7:06  Stalker  
  45  7:16  Stalker  
  45  7:18  Stalker  
  45  7:22  Probe  
  50  7:24  Observer  
  49  7:30  Probe  
  49  7:34  Immortal (Chrono Boost)  
  54  7:38  Observer  
  53  7:52  Observer  
  53  7:55  Stalker x2  
  53  7:56  Stalker  
  53  7:57  Probe  
  60  8:08  Probe  
  60  8:09  Probe  
  60  8:10  Assimilator  
  60  8:11  Pylon  
  62  8:31  Stalker, Adept x2  
  62  8:34  Probe x2  
  70  8:36  Forge  
  70  8:47  Pylon  
  70  8:52  Pylon  
  70  9:05  Probe x2  
  71  9:10  Stalker x2  
  71  9:11  Stalker  
  71  9:12  Observer (Chrono Boost)  
  78  9:23  Pylon  
  78  9:27  Shield Battery  
  78  9:30  Shield Battery  
  78  9:31  Immortal (Chrono Boost)  
  78  9:34  Observer  
  78  9:39  Sentry x2  
  78  9:41  Stalker  
  84  9:53  Assimilator  
  84  10:04  Stalker x2  
  88  10:14  Stalker  
  86  10:17  Immortal (Chrono Boost)  
  86  10:28  Stalker x2  
  86  10:41  Pylon  
  86  10:45  Gateway  
  78  10:51  Stalker x2  
  60  11:07  Stalker  
Show
View Real Time Build Order
Export as new Build Order

黑羽快斗 Protoss - Winner!

Build Orders: Oracle Opening, Blink Stalkers 

Get SALT Encoding   

  12  0:00  Probe  
  13  0:12  Probe  
  14  0:17  Pylon  
  14  0:24  Probe (Chrono Boost)  
  15  0:36  Probe (Chrono Boost)  
  15  0:38  Gateway  
  16  0:45  Probe (Chrono Boost)  
  16  0:46  Assimilator  
  17  0:51  Probe  
  17  0:55  Assimilator  
  18  1:03  Probe (Chrono Boost)  
  19  1:11  Gateway  
  19  1:12  Probe (Chrono Boost)  
  19  1:17  Probe (Chrono Boost)  
  21  1:25  Cybernetics Core  
  21  1:30  Probe  
  22  1:38  Pylon  
  22  1:42  Probe  
  23  2:01  Stargate  
  23  2:02  Stalker  
  23  2:07  Stalker  
  27  2:13  Warp Gate  
  27  2:17  Pylon  
  27  2:42  Probe, Oracle (Chrono Boost)  
  31  2:59  Nexus  
  29  3:11  Probe  
  30  3:17  Stalker  
  30  3:19  Twilight Council  
  30  3:27  Stalker  
  34  3:45  Pylon  
  34  3:46  Shield Battery  
  34  3:52  Blink (Chrono Boost)  
  34  3:53  Gateway  
  34  4:06  Stalker  
  34  4:17  Stalker  
  36  4:25  Nexus  
  36  4:36  Stalker  
  38  4:44  Pylon  
  38  4:45  Dark Shrine  
  38  4:55  Pylon  
  38  5:05  Stalker x2  
  42  5:11  Stalker  
  44  5:32  Probe  
  45  5:37  Stalker x2  
  45  5:39  Robotics Facility  
  46  6:00  Stalker  
  46  6:01  Pylon  
  49  6:11  Probe  
  49  6:13  Probe  
  50  6:23  Probe  
  49  6:29  Stalker x2  
  49  6:30  Stalker  
  49  6:32  Probe  
  56  6:37  Observer, Probe  
  58  6:44  Probe  
  59  6:54  Stalker x2  
  57  7:02  Stalker  
  57  7:12  Probe  
  57  7:15  Assimilator  
  58  7:21  Stalker x2  
  62  7:27  Immortal (Chrono Boost)  
  59  7:33  Pylon  
  63  7:37  Stalker  
  65  7:47  Probe, Gateway  
  66  7:56  Stalker  
  68  7:58  Pylon  
  68  8:06  Observer  
  68  8:10  Stalker x2  
  72  8:18  Stalker  
  72  8:30  Stalker x2  
  76  8:35  Assimilator  
  76  8:36  Stalker  
  78  8:44  Stalker  
  80  8:52  Stalker x2  
  84  8:57  Pylon  
  84  9:07  Observer  
  84  9:13  Pylon  
  84  9:14  Stalker  
  84  9:15  Stalker  
  84  9:16  Stalker  
  89  9:21  Probe (Chrono Boost)  
  89  9:23  Probe (Chrono Boost)  
  89  9:24  Observer  
  87  9:30  Sentry  
  86  9:34  Probe (Chrono Boost)  
  86  9:38  Sentry  
  90  9:40  Probe (Chrono Boost)  
  90  9:42  Probe (Chrono Boost)  
  90  9:43  Sentry  
  93  9:48  Probe  
  93  9:55  Observer  
  93  9:56  Pylon  
  93  9:57  Pylon  
  94  10:02  Stalker  
  92  10:19  Sentry x2  
  92  10:20  Probe  
  92  10:21  Probe  
  96  10:24  Stalker  
  98  10:37  Stalker  
  96  10:50  Stalker x3  
  96  10:54  Observer  
  94  11:01  Observer  
  80  11:12  Stalker  
  80  11:13  Stalker x3  
Tags
 
Add a new tag
Caveats
  • Supply blocks, unpowered buildings, or Contaminate may cause inaccurate times.
  • Supply counts are checked every 10 seconds.